 Dungeon Crawl Stone Soup version 0.28-a0-628-g3c9886e45e (webtiles) character file.

Game seed: 17040187182130274947

166463 Demosthentine the Phalangite (level 17, -4/147 HPs)
             Began as a Merfolk Gladiator on Oct 9, 2021.
             Was the Champion of the Shining One.
             Killed from afar by a thorn hunter (35 damage)
             ... with a volley of thorns
             ... on level 1 of the Swamp.
             The game lasted 00:42:37 (37079 turns).

Demosthentine the Phalangite (Merfolk Gladiator)   Turns: 37079, Time: 00:42:38

Health: -4/147     AC:  7    Str: 16    XL:     17   Next: 60%
Magic:  28/28      EV: 37    Int: 10    God:    the Shining One [******]
Gold:   1835       SH: 11    Dex: 24    Spells: 16/16 levels left

rFire   + + .      SeeInvis .   p - +6 trishula (holy)
rCold   + . .      Faith    .   s - +0 buckler {reflect}
rNeg    + + +      Spirit   .   a - +0 leather armour {rPois}
rPois   +          Reflect  +   c - +1 helmet
rElec   .          Harm     .   y - scarf {rC+ rF+}
rCorr   .          Rampage  .   G - +0 pair of gloves
Will    +....                   (boots currently unavailable)
Stlth   +.........              i - amulet of reflection
HPRegen 0.34/turn               M - ring of protection from fire
MPRegen 0.21/turn               v - +6 ring of dexterity

@: glowing, very quick
A: nimble swimmer 2, mertail
}: 1/15 runes: gossamer
a: Renounce Religion, Divine Shield, Cleansing Flame, Summon Divine Warrior


You were on level 1 of the Swamp.
You worshipped the Shining One.
The Shining One was exalted by your worship.
You visited 6 branches of the dungeon, and saw 29 of its levels.
You also visited: Trove, Ossuary, Ice Cave and Volcano.

You collected 3479 gold pieces.
You spent 1644 gold pieces at shops.

Inventory:

Hand Weapons
 p - a +6 trishula of holy wrath (weapon)
Missiles
 d - 4 throwing nets (quivered)
Armour
 a - a +0 leather armour of poison resistance (worn)
 c - a +1 helmet (worn)
 g - a +3 leather armour of fire resistance
 s - a +0 buckler of reflection (worn)
 u - a +1 pair of boots of rampaging (melded)
 y - a scarf of resistance (worn)
 A - a +2 cloak
 E - a +0 troll leather armour
 G - a +0 pair of gloves (worn)
Jewellery
 i - an amulet of reflection (around neck)
 v - a +6 ring of dexterity (right hand)
 D - a ring of protection from cold
 M - a ring of protection from fire (left hand)
Wands
 b - a wand of acid (14)
 f - a wand of charming (12)
 l - a wand of flame (26)
 t - a wand of digging (10)
 H - a wand of mindburst (59)
 K - a wand of iceblast (18)
Scrolls
 h - 17 scrolls of teleportation
 k - a scroll of enchant weapon
 n - 2 scrolls of silence
 o - 16 scrolls of identify
 B - 2 scrolls of fog
 J - 5 scrolls of fear
Potions
 e - 3 potions of attraction
 j - a potion of haste
 m - a potion of magic
 q - 4 potions of cancellation
 r - 11 potions of curing
 z - 2 potions of resistance
 F - 2 potions of berserk rage


   Skills:
 + Level 17.1 Fighting
 + Level 21.9 Polearms
 - Level 2.0 Throwing
 - Level 5.1 Armour
 + Level 20.2 Dodging
 - Level 4.0 Shields
 + Level 15.5 Invocations


You had 16 spell levels left.
You didn't know any spells.
Your spell library contained the following spells:

 Spells                   Type           Power      Damage    Failure   Level
 Animate Skeleton         Necr           0%         N/A       41%         1
 Pain                     Necr           0%         1d4       41%         1
 Sandblast                Erth           0%         2d4       41%         1
 Sting                    Tmut/Pois      0%         1d3       41%         1
 Blink                    Tloc           N/A        N/A       56%         2
 Passwall                 Tmut/Erth      0%         N/A       56%         2
 Poisonous Vapours        Pois/Air       0%         N/A       56%         2
 Static Discharge         Conj/Air       0%         N/A       56%         2
 Dazzling Flash           Conj/Hex       0%         N/A       80%         3
 Frozen Ramparts          Ice            0%         1d2       80%         3
 Lesser Beckoning         Tloc           0%         N/A       80%         3
 Stone Arrow              Conj/Erth      0%         3d7       80%         3
 Tukima's Dance           Hex            0%         N/A       80%         3
 Vampiric Draining        Necr           0%         2d6       80%         3
 Animate Armour           Summ/Erth      0%         N/A       99%         4
 Cause Fear               Hex            0%         N/A       99%         4
 Dispel Undead            Necr           0%         3d6       99%         4
 Hailstorm                Conj/Ice       0%         3d3       99%         4
 Ice Form                 Ice/Tmut       0%         N/A       99%         4
 Olgreb's Toxic Radiance  Pois           0%         N/A       99%         4
 Passage of Golubria      Tloc           N/A        N/A       99%         4
 Sticky Flame             Conj/Fire      0%         2d3       99%         4
 Summon Ice Beast         Ice/Summ       0%         N/A       99%         4
 Summon Lightning Spire   Summ/Air       0%         N/A       99%         4
 Agony                    Necr           0%         N/A       100%        5
 Blade Hands              Tmut           0%         N/A       100%        5
 Fireball                 Conj/Fire      0%         3d3       100%        5
 Freezing Cloud           Conj/Ice/Air   0%         6-21      100%        5
 Iskenderun's Battlesphe  Conj           0%         2d6       100%        5
 Manifold Assault         Tloc           0%         N/A       100%        5
 Silence                  Hex/Air        0%         N/A       100%        5
 Yara's Violent Unravell  Hex/Tmut       0%         3d3       100%        5
 Conjure Ball Lightning   Conj/Air       0%         3x3d6     100%        6
 Iron Shot                Conj/Erth      0%         9d1       100%        6
 Simulacrum               Ice/Necr       0%         N/A       100%        6
 Dragon Form              Tmut           0%         N/A       100%        7
 Orb of Destruction       Conj           0%         N/A       100%        7
 Storm Form               Tmut/Air       0%         N/A       100%        7
 Maxwell's Capacitive Co  Air            0%         ∞         100%        8
 Dragon's Call            Summ           0%         N/A       100%        9
 Polar Vortex             Ice            0%         N/A       100%        9


Dungeon Overview and Level Annotations

Branches:
Dungeon (15/15)            Temple (1/1) D:6            Lair (6/6) D:11
  Swamp (1/4) Lair:3       Spider (4/4) Lair:3        Slime (0/5) Lair:5
    Orc (2/2) D:10            Elf (0/3) Orc:2        Vaults (0/5) D:13
 Depths (0/4) D:15        Ossuary (visited)           IceCv (visited)
Volcano (visited)

Altars:
Ashenzari
Cheibriados
Dithmenos
Elyvilon
Fedhas
Gozag
Hepliaklqana
Kikubaaqudgha
Makhleb
Nemelex Xobeh
Okawaru
Qazlal
Ru
Sif Muna
Trog
Uskayaw
Vehumet
Wu Jian
Xom
Yredelemnul
Zin
The Shining One
Beogh
Jiyva

Shops:
D:6 *(   Orc:2 ([[*


Innate Abilities, Weirdness & Mutations

You are quick and stealthy near water. (Stealth+, EV+, Speed+++)
Your lower body shifts to a powerful aquatic tail in water.


Message History

The thorn hunter fires a volley of thorns at you.
The volley of thorns hits you!!
Reach: p) +6 trishula (holy)
Press: ? - help, Dir - move target, f/p - thorn hunter
Aim: a thorn hunter (haloed, about 10% to evade your +6 trishula of holy wrath)
The briar patch is in the way.
You are struck by the briar patch's thorns.
You impale the briar patch!!
You destroy the briar patch!
The thorn hunter gestures.
Thorny briars emerge from the ground!
Reach: p) +6 trishula (holy)
Press: ? - help, Dir - move target, f/p - thorn hunter
Aim: a thorn hunter (haloed, about 10% to evade your +6 trishula of holy wrath)
You reach to attack!
You puncture the thorn hunter!
The thorn hunter is lightly damaged.
Unknown command.
Reach: p) +6 trishula (holy)
Press: ? - help, Dir - move target, f/p - thorn hunter
Aim: a thorn hunter (lightly damaged, haloed, about 10% to evade your +6 trishula of holy wrath)
You reach to attack!
You barely miss the thorn hunter.
The thorn hunter is lightly damaged.
Unknown command.
You barely miss the thorn hunter.
The thorn hunter is lightly damaged.
The thorn hunter completely misses you. x2
You hit the thorn hunter.
The thorn hunter is lightly damaged.
You impale the thorn hunter!!
The thorn hunter is moderately damaged.
The thorn hunter hits you!
* * * LOW HITPOINT WARNING * * *
The thorn hunter hits you.
* * * LOW HITPOINT WARNING * * *
You completely miss the thorn hunter.
The thorn hunter is moderately damaged.
The briar patch crumbles away.
The thorn hunter fires a volley of thorns at you.
The volley of thorns hits you!!
You die...

≈≈....≈≈≈≈≈♣≈§.♣♣≈≈≈≈.♣
≈..♣≈≈≈≈≈≈PPPP≈≈≈≈≈≈..♣
≈≈≈≈≈≈≈≈..PPPP≈♣♣♣...♣♣
≈≈≈≈.≈≈≈≈.♣P≈.≈♣♣♣♣♣♣♣
≈.≈..≈§≈≈.♣P≈.≈.♣ ♣
♣≈♣≈..≈♣..♣P≈..♣♣ ♣.♣♣
≈≈≈≈≈≈≈..♣♣.≈...♣♣♣..≈≈♣
...≈..≈.♣♣♣$♣♣♣.PPPP≈≈≈§
§≈≈≈≈≈≈ ♣.. ♣P@f≈P≈≈.♣
≈.≈..≈≈ ...♣§≈.PP♣≈≈≈≈..
..♣♣♣. ≈≈≈♣♣.≈♣PP.≈≈≈.♣♣
♣♣♣ ≈.. ♣.≈.PP.≈.♣♣♣ ♣
♣.♣≈♣≈..♣. .♣.≈...≈§..
♣♣♣♣.≈≈≈≈.. ♣≈.≈≈.≈≈"


You could see a thorn hunter.

Vanquished Creatures
  The ghost of lunkers the Brawler, a journeyman TrCA of Ignis (Spider:2)
  Donald (Orc:2)
  The ghost of mordus the Thaumaturge, an adept DjCj of Makhleb (Spider:2)
  An orc warlord (Orc:2)
  8 emperor scorpions
  3 ghost moths
  A dire elephant (Lair:6)
  3 entropy weavers
  2 spark wasps
  An ettin (D:15)
  Harold (D:7)
  Erolcha (D:9)
  2 ironbound frosthearts (IceCv)
  5 hydras
  3 centaur warriors
  2 catoblepae
  An ogre mage (D:15)
  3 boulder beetles
  2 death knights (D:13)
  8 two-headed ogres
  5 death yaks
  4 alligators (Swamp:1)
  A hell hog (Volcano)
  A deep troll shaman (Lair:6)
  A tengu warrior (D:10)
  Nergalle (Orc:1)
  4 skeletal warriors (D:12)
  2 deep trolls (D:15)
  2 wizards (D:15)
  6 orc knights
  A bog body (Swamp:1)
  A mana viper (shapeshifter) (D:15)
  5 orc sorcerers
  16 orb spiders
  29 wolf spiders
  2 deep elf pyromancers
  3 cyclopes
  A faun (shapeshifter) (D:13)
  2 manticores
  6 moths of wrath
  13 ugly things
  Maurice (D:8)
  A guardian serpent (shapeshifter) (D:14)
  An ice statue (IceCv)
  3 centaur zombies (D:10)
  3 molten gargoyles
  4 gargoyles
  8 elephants
  3 black mambas
  A torpor snail (Lair:3)
  8 cane toads
  2 rime drakes
  8 komodo dragons
  An efreet (D:13)
  A yaktaur (D:13)
  A yaktaur (shapeshifter) (D:13)
  2 unseen horrors
  7 demonic crawlers
  A kobold demonologist (D:13)
  28 jumping spiders
  A meliai (D:13)
  3 tyrant leeches
  2 jumping spiders (shapeshifter) (D:13)
  14 polar bears
  3 hornets
  A wolf spider simulacrum (D:13)
  4 trolls
  6 blink frogs
  11 slime creatures
  A centaur simulacrum (D:14)
  76 redbacks
  A spriggan (Swamp:1)
  2 water elementals (D:15)
  22 tarantellas
  8 wyverns
  4 wraiths
  43 yaks
  3 fire bats (Volcano)
  3 shadows
  6 basilisks
  3 steam dragons (D:8)
  Menkaure (D:7)
  2 wargs
  3 swamp worms
  11 vampire mosquitoes
  3 acid dragons
  13 water moccasins
  A hell hound (Volcano)
  Duvessa (D:5)
  39 orc warriors
  3 black bears
  2 ice beasts
  2 necrophages (D:6)
  9 ogres
  9 centaurs
  3 boggarts (D:14)
  39 wolves
  A phantom (D:4)
  An elf zombie (Ossuary)
  2 kobold brigands
  6 bullfrogs
  A gnoll sergeant (D:10)
  4 scorpions
  A water moccasin zombie (D:7)
  Dowan (D:5)
  9 wights
  2 howler monkeys
  5 electric eels
  A lava snake (D:12)
  A human zombie (Ossuary)
  20 orc priests
  A gnoll shaman (D:5)
  A jelly (D:7)
  Terence (D:2)
  An iguana (D:6)
  A scorpion zombie (D:5)
  32 orc wizards
  13 hell rats
  2 hound zombies (Ossuary)
  A hound skeleton (D:4)
  4 mummies (Ossuary)
  2 howler monkey zombies (D:9)
  9 adders
  8 gnolls
  A howler monkey skeleton (D:5)
  2 adder zombies (Ossuary)
  5 worms
  4 dart slugs
  85 orcs
  6 bats (D:1)
  4 endoplasms
  4 giant cockroaches
  4 goblins
  10 hobgoblins
  7 jackals
  2 quokkas (D:3)
  3 ball pythons
  2 frilled lizards (D:3)
  2 gnoll zombies (Ossuary)
  A goblin zombie (Ossuary)
  A hobgoblin zombie (Ossuary)
  15 kobolds
  2 orc zombies (Ossuary)
  3 rats
  3 briar patches (Swamp:1)
895 creatures vanquished.

Vanquished Creatures (collateral kills)
  2 orc warriors (Orc:2)
  An orc (Orc:2)
3 creatures vanquished.

Vanquished Creatures (others)
  A manticore (D:13)
  A molten gargoyle (D:12)
  A troll (D:14)
  A fire elemental (D:12)
  An orc priest (Orc:1)
  An orc (Orc:1)
  5 fungi
  10 plants
  2 withered plants (Spider:2)
23 creatures vanquished.

Grand Total: 921 creatures vanquished

Notes
Turn   | Place    | Note
-------+----------+-------------------------------------------
     0 | D:1      | Demosthentine the Merfolk Gladiator began the quest for the
                  | Orb.
     0 | D:1      | Reached XP level 1. HP: 16/16 MP: 1/1
   119 | D:1      | Reached XP level 2. HP: 23/23 MP: 2/2
   453 | D:1      | Reached XP level 3. HP: 26/28 MP: 3/3
   686 | D:2      | Reached skill level 1 in Armour
   765 | D:2      | Noticed Terence
   769 | D:2      | Reached skill level 5 in Polearms
   774 | D:2      | Killed Terence
   775 | D:2      | Reached XP level 4. HP: 24/35 MP: 4/4
  1625 | D:3      | Reached XP level 5. HP: 41/41 MP: 5/5
  1645 | D:3      | Reached skill level 5 in Dodging
  1967 | D:3      | Found a shimmering altar of Xom.
  1995 | D:3      | Found a white marble altar of Elyvilon.
  2062 | D:3      | Found a burning altar of Makhleb.
  2064 | D:3      | Found a sparkling altar of Nemelex Xobeh.
  2229 | D:3      | Became a worshipper of Elyvilon the Healer
  2254 | D:4      | Noticed an ogre
  2261 | D:4      | Killed an ogre
  2262 | D:4      | Reached skill level 6 in Polearms
  2262 | D:4      | Reached XP level 6. HP: 48/48 MP: 6/6
  2314 | D:4      | Found a sand-covered staircase.
  2340 | Ossuary  | Entered an ossuary
  2568 | Ossuary  | Reached XP level 7. HP: 55/55 MP: 7/7
  2978 | D:4      | Found a hide-covered altar of Uskayaw.
  2992 | D:4      | Reached * piety under Elyvilon
  3045 | D:4      | Reached skill level 7 in Polearms
  3334 | D:4      | Identified a scroll of acquirement
  3334 | D:4      | Acquired 658 gold pieces
  3368 | D:5      | Entered Level 5 of the Dungeon
  3462 | D:5      | Found a snail-covered altar of Cheibriados.
  3583 | D:5      | Noticed Dowan
  3584 | D:5      | Noticed Duvessa
  3594 | D:5      | Killed Duvessa
  3595 | D:5      | Reached skill level 5 in Fighting
  3595 | D:5      | Killed Dowan
  3779 | D:5      | Reached XP level 8. HP: 62/62 MP: 8/8
  3843 | D:5      | Reached skill level 8 in Polearms
  4184 | D:6      | Found Uppaem's Hydra Hut.
  4185 | D:6      | Noticed a six-headed hydra
  4240 | D:6      | Reached ** piety under Elyvilon
  4241 | D:6      | Found Besywkil's Assorted Antiques.
  4264 | D:6      | Bought a serpentine brass ring for 110 gold pieces
  4264 | D:6      | Identified the ring of the Solstice {rF+ SInv} (You bought
                  | it in a shop on level 6 of the Dungeon)
  4264 | D:6      | Bought a scroll labelled WUCLIHE HEXT for 22 gold pieces
  4264 | D:6      | Bought a scroll of identify for 44 gold pieces
  4264 | D:6      | Bought a scroll of enchant weapon for 165 gold pieces
  4264 | D:6      | Bought 2 potions of curing for 132 gold pieces
  4582 | D:6      | Found a staircase to the Ecumenical Temple.
  4589 | D:6      | Noticed a wraith
  4625 | D:6      | Killed a wraith
  4626 | D:6      | Reached skill level 9 in Polearms
  4632 | Temple   | Entered the Ecumenical Temple
  4928 | Temple   | Fell from the grace of Elyvilon
  4928 | Temple   | Became a worshipper of the Shining One
  4947 | D:6      | Found a bloodstained altar of Trog.
  5093 | D:6      | Reached XP level 9. HP: 71/71 MP: 9/9
  5330 | D:6      | Reached * piety under the Shining One
  5667 | D:7      | Noticed Menkaure
  5673 | D:7      | Killed Menkaure
  5909 | D:7      | Found an iron altar of Okawaru.
  5945 | D:7      | Reached skill level 10 in Polearms
  5965 | D:7      | Noticed Harold
  6045 | D:7      | Killed Harold
  6046 | D:7      | Reached skill level 5 in Armour
  6373 | D:7      | Reached XP level 10. HP: 80/80 MP: 10/10
  6721 | D:8      | Reached skill level 1 in Invocations
  6861 | D:8      | Reached skill level 11 in Polearms
  6861 | D:8      | Reached skill level 10 in Dodging
  6906 | D:8      | Noticed Maurice
  6916 | D:8      | Killed Maurice
  7935 | D:9      | Noticed Erolcha
  7935 | D:9      | Reached ** piety under the Shining One
  7942 | D:9      | Killed Erolcha
  7943 | D:9      | Reached skill level 12 in Polearms
  8332 | D:9      | Identified the +9 flail of Bread {vorpal, rElec Int+4}
  8620 | D:10     | Entered Level 10 of the Dungeon
  8640 | D:10     | Noticed a two-headed ogre
  8645 | D:10     | Killed a two-headed ogre
  8646 | D:10     | Reached XP level 11. HP: 89/89 MP: 14/14
  8663 | D:10     | Reached skill level 5 in Invocations
  8678 | D:10     | Found a staircase to the Orcish Mines.
  8926 | D:10     | Noticed a tengu warrior
  8943 | D:10     | Noticed a purple ugly thing
  8945 | D:10     | Noticed a green ugly thing
  8949 | D:10     | Noticed a manticore
  8950 | D:10     | Noticed an orc knight
  8987 | D:10     | Reached skill level 1 in Shields
  9013 | D:10     | Killed a manticore
  9023 | D:10     | Killed an orc knight
  9036 | D:10     | Killed a tengu warrior
  9037 | D:10     | Reached skill level 13 in Polearms
  9390 | D:10     | Killed a green ugly thing
  9391 | D:10     | Reached skill level 10 in Fighting
  9397 | D:10     | Killed a green ugly thing
  9549 | D:10     | Noticed a two-headed ogre
  9577 | D:10     | Killed a two-headed ogre
 10615 | D:11     | Reached XP level 12. HP: 80/98 MP: 17/17
 10836 | D:11     | Found a staircase to the Lair.
 10851 | D:11     | Reached skill level 14 in Polearms
 11002 | D:11     | Found a runed translucent door.
 11401 | D:12     | Found a frozen archway.
 11413 | IceCv    | Entered an ice cave
 11413 | IceCv    | Reached *** piety under the Shining One
 11684 | IceCv    | Noticed a death yak
 11684 | IceCv    | Noticed an ironbound frostheart
 11684 | IceCv    | Noticed an ironbound frostheart
 11685 | IceCv    | Noticed a death yak
 11880 | IceCv    | Killed an ironbound frostheart
 11881 | IceCv    | Reached skill level 15 in Polearms
 11895 | IceCv    | Killed a death yak
 11911 | IceCv    | Killed a death yak
 11912 | IceCv    | HP: 3/100 [ironbound frostheart/creeping frost (26)]
 11918 | IceCv    | The Shining One protects you from harm!
 12111 | IceCv    | Killed an ironbound frostheart
 12311 | IceCv    | Reached XP level 13. HP: 107/107 MP: 19/19
 12898 | D:12     | Reached **** piety under the Shining One
 12902 | D:12     | Reached skill level 16 in Polearms
 13274 | D:13     | Reached skill level 15 in Dodging
 13290 | D:13     | Reached skill level 10 in Invocations
 13613 | D:13     | Found a gate to the Vaults.
 13982 | D:13     | Reached XP level 14. HP: 73/118 MP: 21/21
 14000 | D:13     | Reached skill level 17 in Polearms
 14034 | D:13     | Reached ***** piety under the Shining One
 14963 | D:15     | Entered Level 15 of the Dungeon
 15155 | D:15     | Found a staircase to the Depths.
 15306 | D:15     | Reached skill level 18 in Polearms
 15393 | D:15     | Found a shadowy altar of Dithmenos.
 15402 | D:15     | Found a portal to a secret trove of treasure.
 16037 | Lair:1   | Entered Level 1 of the Lair of Beasts
 17209 | Lair:2   | Reached XP level 15. HP: 126/126 MP: 24/24
 17964 | Lair:3   | Found a dark tunnel.
 18022 | Volcano  | Entered a volcano
 18693 | Lair:3   | Found a hole to the Spider Nest.
 18967 | Lair:3   | Found a staircase to the Swamp.
 19740 | Lair:5   | Reached ****** piety under the Shining One
 19758 | Lair:5   | Reached skill level 19 in Polearms
 20015 | Temple   | Identified a +3 trishula of holy wrath (a +1 demon trident
                  | of flaming blessed by the Shining One)
 20015 | Temple   | Received a gift from the Shining One
 20448 | Lair:5   | You fall into a shaft and drop 1 floor!
 20448 | Lair:6   | Entered Level 6 of the Lair of Beasts
 20612 | Lair:5   | Found a viscous altar of Jiyva.
 20613 | Lair:5   | Found a staircase to the Slime Pits.
 21610 | Lair:6   | Reached skill level 15 in Fighting
 22468 | D:15     | You paid a toll of 8 potions of haste to enter a treasure
                  | trove
 22469 | Trove    | Entered a treasure trove
 22485 | Trove    | Found the +8 demon trident "Rift" {distort, reach+}
 22493 | Trove    | Found the +7 Spriggan's Knife {stab, EV+4 Stlth+}
 22495 | Trove    | Identified the +7 bardiche of Virtue {vorpal, rElec Str-3
                  | Dex+10}
 22541 | Trove    | Identified the +2 dagger of the Gloaming {vorpal, Contam
                  | rC++ Int+8 Dex-2}
 22723 | Orc:1    | Entered Level 1 of the Orcish Mines
 22833 | Orc:2    | Entered Level 2 of the Orcish Mines
 23036 | Orc:1    | Noticed Nergalle
 23056 | Orc:1    | Killed Nergalle
 23664 | Orc:2    | Found Nogharer's General Store.
 23672 | Orc:2    | Bought a potion of curing for 48 gold pieces
 23672 | Orc:2    | Bought a scroll of teleportation for 48 gold pieces
 23672 | Orc:2    | Bought a potion of mutation for 128 gold pieces
 23672 | Orc:2    | Bought a potion of heal wounds for 80 gold pieces
 23672 | Orc:2    | Bought a potion of curing for 48 gold pieces
 23692 | Orc:2    | Found a staircase to the Elven Halls.
 23774 | Orc:2    | Noticed an orc warlord
 23807 | Orc:2    | Killed an orc warlord
 23888 | Orc:2    | Found Dapumoff's Antique Weapon Shop.
 23902 | Orc:2    | Found Etudatof's Antique Armour Boutique.
 23917 | Orc:2    | Bought a glowing scarf for 264 gold pieces
 23963 | Orc:2    | Noticed Donald
 23981 | Orc:2    | Killed Donald
 23982 | Orc:2    | Reached XP level 16. HP: 75/136 MP: 26/26
 24165 | Orc:2    | Found Tyaq's Antique Armour Shoppe.
 24173 | Orc:2    | Bought a brightly glowing leather armour for 259 gold
                  | pieces
 24173 | Orc:2    | Identified the +3 leather armour of Weak Mirth {Harm rPois}
                  | (You bought it in a shop on level 2 of the Orcish Mines)
 24173 | Orc:2    | Bought an embroidered scarf for 296 gold pieces
 24895 | Spider:1 | Entered Level 1 of the Spider Nest
 25251 | Lair:3   | Reached skill level 20 in Polearms
 26439 | Spider:1 | The Shining One protects you from harm!
 26794 | Spider:1 | HP: 6/137 [disintegration (38)]
 28399 | Spider:1 | You fall into a shaft and drop 1 floor!
 28920 | Spider:1 | You fall into a shaft and drop 1 floor!
 29437 | Spider:2 | Found a runed translucent gate.
 29438 | Spider:2 | Found a runed translucent gate.
 29438 | Spider:2 | Found a runed translucent gate.
 29439 | Spider:2 | Noticed lunkers's ghost (journeyman TrCA)
 29439 | Spider:2 | Noticed mordus's ghost (adept DjCj)
 29457 | Spider:2 | Killed mordus's ghost
 29468 | Spider:2 | Killed lunkers's ghost
 29562 | Spider:2 | HP: 1/138 [poisoned by a redback]
 31003 | Spider:3 | Reached skill level 21 in Polearms
 31989 | Spider:4 | Entered Level 4 of the Spider Nest
 32452 | Spider:4 | Reached XP level 17. HP: 91/145 MP: 28/28
 32476 | Spider:4 | HP: 2/145 [disintegration (59)]
 33269 | Spider:4 | Reached skill level 15 in Invocations
 35278 | Spider:4 | HP: 4/147 [emperor scorpion (18)]
 35291 | Spider:4 | HP: 7/147 [emperor scorpion (10)]
 36127 | Spider:4 | Got a gossamer rune of Zot
 36375 | Swamp:1  | Entered Level 1 of the Swamp
 37079 | Swamp:1  | Killed from afar by a thorn hunter

Illustrated notes

Levels and vault maps discovered:
D:1:      scummos_arrival_simple_crosswalls, layout_loops_ring
D:2:      layout_rooms, uniq_terence
D:3:      layout_basic, nicolae_overflow_hidden_temple
D:4:      layout_cave_pods, mainiacjoe_overflow_tiny_flanked,
          nicolae_ossuary_entry_ruins
D:5:      layout_basic, kennysheep_slug_shrine, uniq_duvessa
D:6:      layout_basic, trog_three_pillars_becter, minmay_temple_entry_mist,
          serial_shops, shop, doesnt_shop_hydraphobe
D:7:      layout_basic, mainiacjoe_overflow_boulevard, chequers_jeans,
          amethyst_killhole, uniq_menkaure, uniq_harold
D:8:      layout_gridville, uniq_maurice
D:9:      layout_long_grid, uniq_erolcha
D:10:     layout_small_grid, minmay_orc_entry_temple_small,
          minmay_fractal_squares_gapless_7
D:11:     layout_long_grid, erik_lair_dragon, lightli_church_of_beogh
D:12:     layout_long_grid, portal_ice_cave_entry_pillars_2, minivault_8
D:13:     minmay_blocking_statues, layout_long_grid, david_vaults_2
D:14:     layout_gridville
D:15:     hangedman_depths_entry_civil_slaughter, layout_basic,
          nicolae_trove_entry_isolated, grunt_dithmenos_smoke, grunt_decor_cap
Temple:   eino_temple_lava
Lair:1:   layout_gridlike, lemuel_fruit_fields
Lair:2:   layout_layer_cave
Lair:3:   layout_regular_city, minmay_swamp_entry_worms,
          nicolae_spider_entry_non_spiders, nicolae_volcano_entry_two_sided
Lair:4:   layout_long_grid, serial_bayou_pond_b, grunt_forest_small_clearings,
          infiniplex_staircase_pool, grunt_megastairs_2
Lair:5:   layout_roguey, slime_altar_1
Lair:6:   grunt_lair_end_beastmaster, layout_hall_layers, serial_bayou_shore_b
Swamp:1:  nicolae_swamp_long_stream, layout_falls_marsh, serial_swamp_ruin,
          evilmike_swamp_ruin_house_4, evilmike_swamp_ruin_rubble_1
Spider:1: layout_spider_delve, nicolae_spider_webs_and_nodes
Spider:2: layout_spider_delve, gammafunk_ghost_cemetery, drop_trap
Spider:3: layout_spider_delve, hangedman_spider_tarantella_strand
Spider:4: grunt_spider_rune_circles
Orc:1:    layout_diamond_mine, uniq_nergalle
Orc:2:    grunt_orc_community_town_hall, layout_caves,
          grunt_orc_community_big_house_1, grunt_orc_community_big_house_1,
          grunt_orc_community_house_3, grunt_orc_community_house_3,
          grunt_orc_community_house_3, grunt_orc_community_house_2, uniq_donald

Skill      XL: |  1  2  3  4  5  6  7  8  9 10 11 12 13 14 15 16 17 |
---------------+----------------------------------------------------+-----
Armour         | 1 2 3 4 5 |  5.1
Polearms       | 5 6 7 9 10 12 13 15 16 18 19 21 | 21.9
Fighting       | 3 4 5 6 7 9 10 11 13 14 15 16 17 | 17.1
Dodging        | 5 6 7 8 9 11 12 14 15 17 18 19 20 | 20.2
Invocations    | 4 6 8 10 12 13 14 15 | 15.5
Shields        | 3 4 |  4.0
Throwing       | |  2.0

Action                   |  1- 3 |  4- 6 |  7- 9 | 10-12 | 13-15 | 16-18 || total
-------------------------+-------+-------+-------+-------+-------+-------++-------
Melee: Trident           |    95 |   191 |   286 |   550 |  1074 |       ||  2196
       Unarmed           |       |       |     5 |       |       |       ||     5
       Tailslap          |       |       |       |    21 |       |    15 ||    36
       Trishula          |       |       |       |       |   292 |  1215 ||  1507
Throw: Throwing net      |       |     1 |       |       |     1 |     1 ||     3
Invok: Divine Shield     |       |       |       |     1 |     1 |       ||     2
       Cleansing Flame   |       |       |       |       |     2 |     6 ||     8
       Summon Divine War |       |       |       |       |     1 |       ||     1
       Brand Weapon With |       |       |       |       |     1 |       ||     1
Evoke: Wand              |       |       |       |       |     1 |     5 ||     6
  Use: Scroll            |     4 |     3 |     8 |     9 |     9 |     2 ||    35
       Potion            |       |       |     2 |     1 |     2 |    11 ||    16
 Stab: Distracted        |     1 |       |       |       |       |       ||     1
       Sleeping          |       |     2 |     1 |       |       |       ||     3
       Held in net/web   |       |     1 |       |       |       |       ||     1
Armor: Leather armour    |    23 |    51 |    16 |     2 |       |   172 ||   264
       Steam dragon scal |       |       |       |    31 |       |       ||    31
       Troll leather arm |       |       |       |    29 |    88 |     4 ||   121
Dodge: Dodged            |    50 |   127 |   150 |   191 |   542 |  1272 ||  2332
Block: Other             |       |    34 |    40 |    55 |    16 |       ||   145
       Reflection        |       |       |     1 |       |    16 |     2 ||    19
       Buckler           |       |       |       |       |   353 |   662 ||  1015

Table legend: (Time is in decaauts)
 A = Elapsed time spent in this place.
 B = Non-inter-level travel time spent in this place.
 C = Inter-level travel time spent in this place.
 D = Time resting spent in this place.
 E = Time spent auto-exploring this place.
 F = Levels seen in this place.
 G = Mean time per level.
                   A        B        C        D        E       F      G
               +--------+--------+--------+--------+--------+-----+--------+
         Total |  35800 |  33381 |   2419 |   5996 |  21483 |  33 | 1084.8 |
       Dungeon |  15001 |  13385 |   1616 |    663 |  10188 |  15 | 1000.1 |
        Temple |    345 |    327 |     18 |      0 |    290 |   1 |  345.0 |
          Lair |   8269 |   7812 |    457 |   2225 |   4590 |   6 | 1378.2 |
         Swamp |    648 |    648 |      0 |      0 |    570 |   1 |  648.0 |
   Spider Nest |   8231 |   8004 |    227 |   2805 |   3972 |   4 | 2057.8 |
  Orcish Mines |   1606 |   1508 |     98 |      0 |   1068 |   2 |  803.0 |
         Trove |     92 |     92 |      0 |      0 |     52 |   1 |   92.0 |
       Ossuary |    332 |    332 |      0 |      0 |    195 |   1 |  332.0 |
      Ice Cave |    942 |    942 |      0 |    303 |    381 |   1 |  942.0 |
       Volcano |    330 |    330 |      0 |      0 |    175 |   1 |  330.0 |
               +--------+--------+--------+--------+--------+-----+--------+

Top non-repeatable levels by time:
  Lair:3: 3571 daAuts
Spider:3: 2684 daAuts
Spider:4: 2651 daAuts
    D:10: 2015 daAuts
Spider:2: 1741 daAuts
    D:11: 1461 daAuts
     D:8: 1295 daAuts
     D:7: 1228 daAuts
Spider:1: 1153 daAuts
  Lair:2: 1147 daAuts
  Lair:6: 1136 daAuts
     D:6: 1050 daAuts
    D:13: 1013 daAuts
   Orc:2: 979 daAuts
    D:15: 953 daAuts
